 Dungeon Crawl Stone Soup version 0.30-a0-591-g3c58d2bc28 (webtiles) character file.

Game seed: 5676550610652174075

2735 porpoise the Magician (level 9, -1/66 HPs)
             Began as a Gnoll Fire Elementalist on Jan 6, 2023.
             Engulfed by a steam dragon's steam (6 damage)
             ... on level 7 of the Dungeon.
             The game lasted 00:24:36 (6685 turns).

porpoise the Magician (Gnoll Fire Elementalist)     Turns: 6685, Time: 00:24:37

Health: -1/66      AC:  7    Str: 10    XL:     9   Next: 67%
Magic:  4/19       EV: 14    Int: 21    God:
Gold:   283        SH:  0    Dex: 14    Spells: 5/21 levels left

rFire   . . .      SeeInvis .    a - +1 short sword (venom)
rCold   . . .      Faith    .    (no shield)
rNeg    . . .      Spirit   .    H - +0 leather armour
rPois   +          Reflect  .    d - +0 helmet
rElec   .          Harm     .    (no cloak)
rCorr   .          Rampage  .    g - +1 pair of gloves
Will    .....                    (no boots)
Stlth   +++                      e - amulet of regeneration
HPRegen 1.11/turn                x - +6 ring of intelligence
MPRegen 0.16/turn                y - ring of poison resistance

@: no status effects
A: fangs 1, strong nose, distributed training
a: no special abilities


You were on level 7 of the Dungeon.
You visited 2 branches of the dungeon, and saw 8 of its levels.

You collected 283 gold pieces.

Inventory:

Hand Weapons
 a - a +1 short sword of venom (weapon)
Missiles
 k - 5 boomerangs
 t - 14 poisoned darts
 G - 2 atropa-tipped darts
Armour
 d - a +0 helmet (worn)
 g - a +1 pair of gloves (worn)
 h - a +0 ring mail
 s - a +2 robe of the Archmagi
 H - a +0 leather armour (worn)
Jewellery
 e - an amulet of regeneration (around neck)
 w - a ring of fire
 x - a +6 ring of intelligence (left hand)
 y - a ring of poison resistance (right hand)
 E - a +4 ring of protection
Wands
 u - a wand of flame (57)
 C - a wand of charming (12)
Scrolls
 c - 2 scrolls of immolation
 j - a scroll of fear {unknown}
 m - a scroll of brand weapon {unknown}
 n - a scroll of teleportation
 o - a scroll of enchant weapon
 p - a scroll of fog {unknown}
 v - a scroll of magic mapping {unknown}
 B - a scroll of butterflies {unknown}
 D - a scroll of blinking
 F - a scroll of enchant armour {unknown}
Potions
 b - 3 potions of magic
 f - 3 potions of mutation
 i - a potion of brilliance
 l - 2 potions of haste
 q - 2 potions of attraction {unknown}
 r - 2 potions of lignification {unknown}
 z - a potion of ambrosia {unknown}
 A - a potion of invisibility


   Skills:
 + Level 4.6 Fighting
 + Level 4.6 Short Blades
 + Level 4.6 Long Blades
 + Level 4.6 Axes
 + Level 4.6 Maces & Flails
 + Level 4.6 Polearms
 + Level 4.6 Staves
 + Level 4.6 Ranged Weapons
 + Level 4.6 Throwing
 + Level 4.6 Armour
 + Level 6.6 Dodging
 + Level 6.3 Stealth
 + Level 4.6 Shields
 + Level 4.6 Unarmed Combat
 + Level 6.9 Spellcasting
 + Level 4.4 Conjurations
 + Level 3.8 Hexes
 + Level 3.8 Summonings
 + Level 3.8 Necromancy
 + Level 3.8 Translocations
 + Level 3.8 Transmutations
 + Level 6.7 Fire Magic
 + Level 3.8 Ice Magic
 + Level 3.8 Air Magic
 + Level 3.8 Earth Magic
 + Level 3.8 Poison Magic
 + Level 5.1 Invocations
 + Level 4.6 Evocations


You had 5 spell levels left.
You knew the following spells:

 Your Spells              Type           Power      Damage    Failure   Level
a - Foxfire               Conj/Fire      100%       2x1d9     1%          1
b - Scorch                Fire           70%        2d9       1%          2
c - Kindle Blastsparks    Fire/Tloc/Air  54%        2d14      4%          3
f - Flame Wave            Conj/Fire      30%        2d9       12%         4
m - Mephitic Cloud        Conj/Pois/Air  24%        N/A       7%          3
r - Frozen Ramparts       Ice            46%        1d7       7%          3

Your spell library contained the following spells:

 Spells                   Type           Power      Damage    Failure   Level
 Apportation              Tloc           46%        N/A       2%          1
 Necrotise                Necr           92%        1d8       2%          1
 Summon Small Mammal      Summ           92%        N/A       2%          1
 Cigotuvi's Dreadful Rot  Necr/Pois/Air  46%        N/A       3%          2
 Ensorcelled Hibernation  Hex/Ice        46%        N/A       3%          2
 Poisonous Vapours        Pois/Air       46%        N/A       3%          2
 Inner Flame              Hex/Fire       29%        N/A       4%          3
 Hailstorm                Conj/Ice       24%        3d7       6%          3
 Spider Form              Tmut/Pois      23%        N/A       7%          3
 Fulminant Prism          Conj/Hex       12%        3d8       22%         4
 Iskenderun's Mystic Bla  Conj/Tloc      24%        2d7       22%         4
 Anguish                  Hex/Necr       11%        N/A       24%         4
 Ice Form                 Ice/Tmut       23%        N/A       24%         4
 Summon Ice Beast         Ice/Summ       23%        N/A       24%         4
 Alistair's Intoxication  Tmut/Pois      15%        N/A       54%         5
 Lee's Rapid Deconstruct  Erth           11%        3d8*      54%         5
 Simulacrum               Ice/Necr       11%        N/A       98%         6


Dungeon Overview and Level Annotations

Branches:
Dungeon (7/15)             Temple (1/1) D:7

Altars:
Cheibriados
Dithmenos
Elyvilon
Fedhas
Gozag
Kikubaaqudgha
Makhleb
Qazlal
Ru
Trog
Uskayaw
Vehumet
Wu Jian
Xom
Zin
The Shining One

Shops:
D:5 *:

Annotations:
D:7 Pikel


Innate Abilities, Weirdness & Mutations

You have very sharp teeth.
Your uncanny sense of smell can sniff out nearby items.
Your experience applies equally to all skills.


Message History

Confirm with . or Enter, or press ? or * to list all spells.
You conjure some foxfire!
Pikel hits you with a +2 whip of flaming.
Pikel burns you. The steam dragon breathes steam at you.
The ball of steam hits you! The ball of steam hits your foxfire.
Your foxfire resists.
Casting: Foxfire (safe; 1% risk of failure)
Confirm with . or Enter, or press ? or * to list all spells.
Flames lash the lemure.
The lemure is heavily wounded.
The lemure's fire resistance burns away.
You are engulfed in a cloud of scalding steam.
The foxfire hits the steam dragon!
The steam dragon is moderately wounded.
The foxfire hits Pikel.
Pikel is moderately wounded.
Pikel hits you with a +2 whip of flaming!
Pikel burns you. The steam dragon bites you.
* * * LOW HITPOINT WARNING * * *
The steam dragon claws you but does no damage.
Unknown command.
Casting: Scorch (safe; 1% risk of failure)
Confirm with . or Enter, or press ? or * to list all spells.
Flames lash the lemure.
The lemure is burned terribly!
The lemure is almost dead.
You are engulfed in a cloud of scalding steam.
* * * LOW HITPOINT WARNING * * *
Pikel hits you with a +2 whip of flaming.
* * * LOW HITPOINT WARNING * * *
Pikel burns you.
* * * LOW HITPOINT WARNING * * *
The steam dragon closely misses you. The steam dragon claws you.
* * * LOW HITPOINT WARNING * * *
Unknown command.
Casting: Scorch (safe; 1% risk of failure)
Confirm with . or Enter, or press ? or * to list all spells.
You conjure some foxfire!
You are engulfed in a cloud of scalding steam.
You die...

# #..# #.# #.. # #..# #.# #.# #
#..# #.# #.# ∆ ####..#### #.#
#.# ##.......# #.# #.######
##.......# #.# ###.##...#
##.......# #.###...##.#.#
#.......#####.#v#5#.##...####.5
##.............v@K5.............
............##.#D#####.#........
##.......>..#..#.......#........
###.........#.#.#...#.#..###!##
##.......#..#.#._.#.#..# #
#####..........#.#...#.#.##
...##.......##.#.......#.#
...###########.#.#####.#.. ...#
....


You could see Pikel (very poisoned, ally target), a steam dragon (ally target)
and 2 lemures.

Vanquished Creatures
  Grinder (D:3)
  Sigmund (D:5)
  A wyvern (D:5)
  Duvessa (D:6)
  An ice beast (D:7)
  5 sky beasts
  A black bear (D:6)
  4 ogres
  2 centaurs (D:6)
  A lemure (D:7)
  2 necrophages
  A bullfrog (D:7)
  2 scorpions
  Dowan (D:6)
  A lava snake (D:7)
  3 jellies
  4 orc priests
  2 hounds
  Jessica (D:3)
  6 iguanas
  2 orc wizards
  A gnoll (D:1)
  5 adders
  A shadow imp (D:6)
  A worm (D:4)
  11 orcs
  11 ball pythons
  8 endoplasms
  5 giant cockroaches
  4 goblins
  5 hobgoblins
  2 jackals (D:3)
  2 quokkas
  7 bats
  3 frilled lizards
  7 kobolds
  5 rats
121 creatures vanquished.

Vanquished Creatures (others)
  293 foxfires
  A plant (D:1)
294 creatures vanquished.

Grand Total: 415 creatures vanquished

Notes
Turn   | Place    | Note
-------+----------+-------------------------------------------
     0 | D:1      | porpoise the Gnoll Fire Elementalist began the quest for
                  | the Orb.
     0 | D:1      | Reached XP level 1. HP: 13/13 MP: 6/6
    39 | D:1      | Reached XP level 2. HP: 7/20 MP: 1/7
   380 | D:1      | Learned a level 2 spell: Scorch
   441 | D:1      | Reached skill level 5 in Spellcasting
   441 | D:1      | Reached XP level 3. HP: 25/25 MP: 6/9
   798 | D:1      | Reached skill level 1 in Invocations
  1406 | D:2      | Reached skill level 1 in Fighting
  1406 | D:2      | Reached skill level 1 in Short Blades
  1406 | D:2      | Reached skill level 1 in Long Blades
  1406 | D:2      | Reached skill level 1 in Axes
  1406 | D:2      | Reached skill level 1 in Maces & Flails
  1406 | D:2      | Reached skill level 1 in Polearms
  1406 | D:2      | Reached skill level 1 in Staves
  1406 | D:2      | Reached skill level 1 in Ranged Weapons
  1406 | D:2      | Reached skill level 1 in Throwing
  1406 | D:2      | Reached skill level 1 in Armour
  1406 | D:2      | Reached skill level 1 in Shields
  1406 | D:2      | Reached skill level 1 in Unarmed Combat
  1406 | D:2      | Reached skill level 1 in Evocations
  1831 | D:3      | Noticed Jessica
  1847 | D:3      | Killed Jessica
  1848 | D:3      | Reached skill level 1 in Hexes
  1848 | D:3      | Reached skill level 1 in Summonings
  1848 | D:3      | Reached skill level 1 in Necromancy
  1848 | D:3      | Reached skill level 1 in Translocations
  1848 | D:3      | Reached skill level 1 in Transmutations
  1848 | D:3      | Reached skill level 1 in Ice Magic
  1848 | D:3      | Reached skill level 1 in Air Magic
  1848 | D:3      | Reached skill level 1 in Earth Magic
  1848 | D:3      | Reached skill level 1 in Poison Magic
  1848 | D:3      | Reached XP level 4. HP: 32/32 MP: 2/11
  2428 | D:3      | Noticed Grinder
  2438 | D:3      | Killed Grinder
  2439 | D:3      | Reached skill level 5 in Dodging
  2439 | D:3      | Reached XP level 5. HP: 31/38 MP: 0/12
  2439 | D:3      | Reached XP level 6. HP: 36/44 MP: 0/14
  2723 | D:4      | Found a burning altar of Makhleb.
  2919 | D:4      | Reached XP level 7. HP: 34/51 MP: 5/15
  3013 | D:4      | Found a glowing silver altar of Zin.
  3013 | D:4      | Noticed an angel
  3078 | D:4      | Learned a level 3 spell: Kindle Blastsparks
  3401 | D:5      | Entered Level 5 of the Dungeon
  3404 | D:5      | Found Wiak's Tremendous Tomes.
  3489 | D:5      | Noticed a wyvern
  3494 | D:5      | Killed a wyvern
  3495 | D:5      | Reached skill level 5 in Stealth
  3772 | D:5      | Found a blossoming altar of Fedhas.
  3772 | D:5      | Found a snail-covered altar of Cheibriados.
  3907 | D:5      | Reached XP level 8. HP: 58/58 MP: 10/16
  4091 | D:5      | Found Zadd's Assorted Antiques.
  4300 | D:5      | Noticed Sigmund
  4306 | D:5      | Killed Sigmund
  4540 | D:6      | Noticed Dowan
  4541 | D:6      | Noticed Duvessa
  4549 | D:6      | Killed Duvessa
  4555 | D:6      | Killed Dowan
  4751 | D:6      | Found a white marble altar of Elyvilon.
  5072 | D:6      | Reached XP level 9. HP: 65/65 MP: 11/18
  5397 | D:6      | Found a shimmering altar of Xom.
  5421 | D:6      | Learned a level 3 spell: Mephitic Cloud
  5425 | D:6      | Learned a level 3 spell: Frozen Ramparts
  5430 | D:6      | Learned a level 4 spell: Flame Wave
  6336 | D:7      | Reached skill level 5 in Invocations
  6457 | D:7      | Found a staircase to the Ecumenical Temple.
  6535 | Temple   | Entered the Ecumenical Temple
  6616 | D:7      | Found an ornate altar of the Wu Jian Council.
  6667 | D:7      | Noticed Pikel
  6685 | D:7      | Engulfed by a steam dragon's steam

Illustrated notes

Levels and vault maps discovered:
D:1:      saegor_arrival_miasma, layout_basic, serial_forest,
          infiniplex_forest_corner_2, infiniplex_forest_lined_2,
          infiniplex_forest_lined_3_way, infiniplex_forest_straight_3,
          infiniplex_forest_end_1, infiniplex_forest_clump_small
D:2:      layout_rooms
D:3:      layout_basic, minivault_23, nrook_campfire, uniq_jessica, uniq_grinder
D:4:      layout_cave_pools, zin_angel, kennysheep_little_box,
          minmay_fountain_box
D:5:      layout_loops_corners, chequers_temple_overflow_statue_of_worship,
          serial_shops, nicolae_shop_crystal, nicolae_shop_i_like_big_books,
          uniq_sigmund
D:6:      layout_gridville, elyvilon_altar_3,
          mainiacjoe_overflow_small_starburst, uniq_duvessa
D:7:      layout_loops_ring, mainiacjoe_overflow_cross_hatched,
          minmay_temple_entry_proselytizer, kennysheep_potato, uniq_pikel
Temple:   nicolae_temple_cloud_nine

Skill      XL: |  1  2  3  4  5  6  7  8  9 |
---------------+----------------------------+-----
Conjurations   | 2 3 4 |  4.4
Spellcasting   | 5 6 |  6.9
Invocations    | 1 2 3 4 5 |  5.1
Fighting       | 1 2 3 4 |  4.6
Short Blades   | 1 2 3 4 |  4.6
Long Blades    | 1 2 3 4 |  4.6
Axes           | 1 2 3 4 |  4.6
Maces & Flails | 1 2 3 4 |  4.6
Polearms       | 1 2 3 4 |  4.6
Staves         | 1 2 3 4 |  4.6
Ranged Weapons | 1 2 3 4 |  4.6
Throwing       | 1 2 3 4 |  4.6
Armour         | 1 2 3 4 |  4.6
Shields        | 1 2 3 4 |  4.6
Unarmed Combat | 1 2 3 4 |  4.6
Evocations     | 1 2 3 4 |  4.6
Hexes          | 1 2 3 |  3.8
Summonings     | 1 2 3 |  3.8
Necromancy     | 1 2 3 |  3.8
Translocations | 1 2 3 |  3.8
Transmutations | 1 2 3 |  3.8
Ice Magic      | 1 2 3 |  3.8
Air Magic      | 1 2 3 |  3.8
Earth Magic    | 1 2 3 |  3.8
Poison Magic   | 1 2 3 |  3.8
Dodging        | 5 6 |  6.6
Stealth        | 5 6 |  6.3
Fire Magic     | 6 |  6.7

Action                   |  1- 3 |  4- 6 |  7- 9 || total
-------------------------+-------+-------+-------++-------
Melee: Unarmed           |     4 |       |       ||     4
       Short sword       |   106 |    23 |    54 ||   183
       Bite              |     7 |     2 |     7 ||    16
       Punch             |       |     2 |     1 ||     3
 Cast: Foxfire           |    22 |    42 |   116 ||   180
       Scorch            |     3 |     7 |    33 ||    43
       Kindle Blastspark |       |       |     2 ||     2
       Frozen Ramparts   |       |       |     3 ||     3
  Use: Scroll            |     1 |     3 |     4 ||     8
 Stab: Sleeping          |     3 |     1 |       ||     4
Armor: Robe              |     2 |    18 |    34 ||    54
       Ring mail         |    28 |     1 |       ||    29
       Leather armour    |       |       |     2 ||     2
Dodge: Dodged            |    67 |    19 |    57 ||   143

Table legend: (Time is in decaauts)
 A = Elapsed time spent in this place.
 B = Non-inter-level travel time spent in this place.
 C = Inter-level travel time spent in this place.
 D = Time resting spent in this place.
 E = Time spent auto-exploring this place.
 F = Levels seen in this place.
 G = Mean time per level.
                   A        B        C        D        E       F      G
               +--------+--------+--------+--------+--------+-----+--------+
         Total |   6664 |   6523 |    141 |   1859 |   3448 |   8 |  833.0 |
       Dungeon |   6615 |   6481 |    134 |   1859 |   3409 |   7 |  945.0 |
        Temple |     49 |     42 |      7 |      0 |     39 |   1 |   49.0 |
               +--------+--------+--------+--------+--------+-----+--------+

Top non-repeatable levels by time:
     D:6: 1634 daAuts
     D:5: 1043 daAuts
     D:3: 933 daAuts
     D:1: 885 daAuts
     D:4: 842 daAuts
     D:2: 731 daAuts
     D:7: 545 daAuts
  Temple: 49 daAuts
